AoeStats
← 裝甲蟑螂

Arabia

509761288Analyzed
1v1 RM · 5d ago on Sep 27, 2026· 49m 51s· 2 players
Game mode
Random Map
Map size
Tiny (2 player)
Population
200
Speed
Normal
Resources
Standard
Victory
Conquest
Starting age
Dark Age
Ending age
Imperial Age
RankedLock teamsTeams togetherTeam positionsShared explorationLock speedFull tech treeHidden civsTurbo modeCheats
Victory
Defeat
🇹🇼 Huns · Taiwan
1110
+15
🇦🇷 Maya · Argentina
1079
-15
RobinTuRey
0:26 Loom
9:52 Feudal Age
10:31 Gold Mining
10:31 Double-Bit Axe
10:50 Gold Mining
13:51 Town Watch
15:07 Fletching
16:03 Padded Archer Armor
19:16 Forging
23:34 Castle Age
23:27 Scale Mail Armor
23:37 Crossbowman
24:22 Squires
24:10 Arson
24:39 Bow Saw
24:16 Horse Collar
24:14 Eagle Warrior
25:14 Bodkin Arrow
31:47 Chain Mail Armor
31:47 Thumb Ring
33:55 Iron Casting
33:35 Stone Mining
33:46 Heavy Plow
34:35 Leather Archer Armor
35:54 Ballistics
37:32 Treadmill Crane
40:25 Masonry
43:16 Imperial Age
43:30 Arbalester
44:12 Bracer
44:42 Ring Archer Armor
45:19 Ring Archer Armor
46:10 Pikeman
48:52 Halberdier
裝甲蟑螂
6:36 Loom
9:34 Feudal Age
10:14 Double-Bit Axe
21:58 Castle Age
21:29 Bloodlines
21:25 Gold Mining
21:46 Fletching
21:41 Horse Collar
22:28 Padded Archer Armor
23:15 Bodkin Arrow
23:24 Town Watch
24:51 Leather Archer Armor
24:39 Elite Skirmisher
25:28 Light Cavalry
28:52 Heavy Plow
30:43 Scale Barding Armor
31:23 Forging
32:41 Wheelbarrow
34:07 Gold Shaft Mining
34:02 Stone Mining
35:19 Chain Barding Armor
37:13 Bow Saw
37:19 Husbandry
38:35 Hand Cart
39:10 Town Watch
44:11 Imperial Age
44:01 Iron Casting
43:51 Marauders
45:18 Town Patrol
46:13 Conscription
47:18 Plate Barding Armor
48:35 Ballistics
49:00 Hussar
51:18 Chemistry
Connection lost

Rejoining the realm…

Still unreachable

The connection could not be restored.

Session expired

The server has moved on; the page needs a fresh start.